 Dungeon Crawl Stone Soup version 0.14-a0-155-gd989017 (webtiles) character file.

34 Malachi the Magician (level 2, -8/18 HPs)
             Began as a Centaur Wizard on Oct 4, 2013.
             Mangled by a gnoll
             ... wielding a +2,+1 spear
              (10 damage)
             ... on Level 1 of the Dungeon.
             The game lasted 00:01:32 (697 turns).

Malachi the Magician (Centaur Wizard)                Turns: 697, Time: 00:01:33

HP  -8/18        AC  4     Str  9      XL: 2   Next:  3%
MP   6/7         EV  9     Int 17      God:
Gold 25          SH  0     Dex  7      Spells:  1 memorised,  5 levels left

Res.Fire  : . . .   See Invis. : .   (no weapon)
Res.Cold  : . . .   Warding    : .   a - +0 robe
Life Prot.: . . .   Conserve   : .   (no shield)
Res.Poison: .       Res.Corr.  : .   b - +0 wizard hat
Res.Elec. : .       Clarity    : .   (no cloak)
Sust.Abil.: . .     Spirit.Shd : .   (no gloves)
Res.Mut.  : .       Stasis     : .   (no barding)
Res.Rott. : .       Flight     : .   (no amulet)
Saprovore : . . .                    (no ring)
                                     (no ring)

@: very slightly contaminated, very quick, not resistant to hostile
enchantments, very unstealthy
A: hooves 3, deformed body, herbivore 1, speed 2, fast metabolism 1, tough skin
3
a: no special abilities


You were on level 1 of the Dungeon.
You were not hungry.

You visited 1 branch of the dungeon, and saw 2 of its levels.

You collected 5 gold pieces.

Inventory:

Armour
 a - a +0 robe (worn)
 b - a +0 wizard hat (worn)
Comestibles
 d - 2 bread rations
Scrolls
 e - a scroll of identify {unknown}
 h - a scroll of enchant weapon II {unknown}
Jewellery
 i - a +4 ring of evasion {unknown}
Potions
 f - a potion of flight {unknown}
Books
 c - a book of Minor Magic

   Spells                             Type                      Level
   *Magic Dart                        Conjuration                  1
   Blink                              Translocation                2
   Call Imp                           Summoning                    2
   Repel Missiles                     Charms/Air                   2
   Slow                               Hexes                        2
   Conjure Flame                      Conjuration/Fire             3
   Mephitic Cloud                     Conjuration/Poison/Air       3


   Skills:
 + Level 1.3 Dodging
 + Level 1.2 Stealth
 * Level 2.8 Spellcasting
 * Level 1.1 Conjurations
   Level 0.8 Summonings
   Level 0.8 Translocations


You had 5 spell levels left.
You knew the following spells:

 Your Spells              Type           Power        Failure   Level  Hunger
a - Magic Dart            Conj           #...         14%         1    #......


Dungeon Overview and Level Annotations

Branches:
Dungeon (2/27)

Altars:


Innate Abilities, Weirdness & Mutations

You have hooves in place of feet.
Armour fits poorly on your strangely shaped body.
You digest meat inefficiently.
You cover ground very quickly.
You have a fast metabolism.
You have extremely tough skin (AC +3).


Message History

The giant cockroach bites you but does no damage.
The gnoll hits you with a spear.
There is a stone staircase leading down here.
You hit the giant cockroach but do no damage.
The giant cockroach closely misses you. The giant cockroach bites you.
The gnoll hits you with a spear!
Ouch! That really hurt!
* * * LOW HITPOINT WARNING * * *
Casting: Magic Dart
Confirm with . or Enter, or press ? or * to list all spells.
Aiming: Magic Dart
Press: ? - help, Shift-Dir - straight line, f - giant cockroach
Aim: a giant cockroach (clinging)
You miscast Magic Dart.
You are very lightly contaminated with residual magic.
Nothing appears to happen.
The giant cockroach bites you but does no damage.
The gnoll hits you with a spear!
Ouch! That really hurt!
You die...

##.# # ''8# ####### #
.#######.....# # ......##.....#
# ##....##.....# # #...........#
# #....##.....# #
#....##.....####################
#.............s@g....K..........
#....##.###.#############...####
#....##.....# ####### #...####
#..####.....####.....####.......
#..# #.........................
..# ##....####.....####...###.
#.##.####.....####...###.
#......).................
#........#.....#####.###..


You could see a gnoll, a giant cockroach and a kobold.

Vanquished Creatures
  2 bats (D:1)
  A goblin (D:1)
  2 hobgoblins (D:1)
  A giant newt (D:1)
  2 rats (D:1)
8 creatures vanquished.

Notes
Turn   | Place    | Note
--------------------------------------------------------------
     0 | D:1      | Malachi, the Centaur Wizard, began the quest for the Orb.
     0 | D:1      | Reached XP level 1. HP: 12/12 MP: 5/5
   318 | D:1      | Reached skill level 1 in Conjurations
   516 | D:1      | Reached XP level 2. HP: 4/18 MP: 0/7
   697 | D:1      | Mangled by a gnoll

Action                   || total
-------------------------++-------
Melee: Unarmed           ||    14
 Cast: Magic Dart        ||    22
